 Dungeon Crawl Stone Soup version 0.27-a0-951-gae3e1deef5 (webtiles) character file.

Game seed: 12465181364403844763

281 shoop the Cudgeller (level 6, -12/94 HPs)
             Began as an Ogre Gladiator on Apr 12, 2021.
             Mangled by Menkaure (18 damage)
             ... on level 4 of the Dungeon.
             The game lasted 00:06:13 (3911 turns).

shoop the Cudgeller (Ogre Gladiator)                Turns: 3911, Time: 00:06:14

Health: -12/94     AC:  3    Str: 20    XL:     6   Next: 27%
Magic:  15/15      EV: 10    Int:  9    God:
Gold:   34         SH:  0    Dex: 11    Spells: 5/5 levels left

rFire    . . .     SeeInvis .   a - +0 flail
rCold    . . .     Faith    .   (no shield)
rNeg     . . .     Spirit   .   b - +0 robe
rPois    .         Reflect  .   c - +0 hat
rElec    .         Harm     .   (no cloak)
rCorr    .         Rampage  .   (gloves unavailable)
Will     .....                  (boots unavailable)
Stlth    ..........             (no amulet)
HPRegen  0.25/turn              n - ring of magical power
MPRegen  0.14/turn              (no ring)

@: berserking (expiring), very quick
A: large, unfitting armour, tough skin 1
a: no special abilities


You were on level 4 of the Dungeon.
You visited 1 branch of the dungeon, and saw 4 of its levels.

You collected 94 gold pieces.
You spent 60 gold pieces at shops.

Inventory:

Hand Weapons
 a - a +0 flail (weapon)
Missiles
 d - a throwing net (quivered)
 l - 27 poisoned darts
Armour
 b - a +0 robe (worn)
 c - a +0 hat (worn)
Jewellery
 n - a ring of magical power (left hand)
Wands
 v - a wand of random effects (20)
Scrolls
 g - 3 scrolls of fear {unknown}
 h - 5 scrolls of identify {unknown}
 m - a scroll of blinking {unknown}
 o - a scroll of vulnerability {unknown}
 p - a scroll of enchant weapon {unknown}
 s - a scroll of holy word {unknown}
 u - a scroll of amnesia {unknown}
 w - a scroll of teleportation {unknown}
Potions
 e - a potion of heal wounds {unknown}
 f - a potion of curing {unknown}
 i - a potion of flight {unknown}
 j - 2 potions of degeneration {unknown}
 k - a potion of berserk rage
 q - 2 potions of haste {unknown}
 r - a potion of invisibility {unknown}
 t - a potion of might {unknown}
 x - a potion of ambrosia {unknown}


   Skills:
 + Level 4.6 Fighting
 * Level 4.6 Maces & Flails
 + Level 3.5 Throwing
 - Level 2.6 Dodging
 - Level 1.0 Evocations


You had 5 spell levels left.
You didn't know any spells.
Your spell library was empty.

Dungeon Overview and Level Annotations

Branches:
Dungeon (4/15)
 Temple: D:4-7

Altars:
Cheibriados
Dithmenos
Hepliaklqana
Qazlal
Ru

Shops:
D:1 (   D:2 *

Annotations:
D:4 Menkaure


Innate Abilities, Weirdness & Mutations

You are too large for most types of armour.
You have tough skin. (AC +1)


Message History

The centaur hits you!
* * * LOW HITPOINT WARNING * * *
The centaur barely misses you.
You barely miss the centaur.
You feel sick. The centaur completely misses you.
The centaur closely misses you.
You sock the centaur!
The centaur is moderately wounded.
The centaur closely misses you. The centaur barely misses you.
You sock the centaur!
The centaur is almost dead.
You feel sick. The centaur closely misses you. The centaur barely misses you.
Menkaure, Prince of Dust comes into view.
You closely miss the centaur.
The centaur is almost dead.
You feel sick.
Menkaure shouts!
You hear a shout!
The centaur barely misses you.
The centaur kicks you but does no damage.
The centaur barely misses you. The centaur kicks you.
* * * LOW HITPOINT WARNING * * *
You sock the centaur!
You kill the centaur!
You feel sick.
You are no longer poisoned.
You have reached level 6!
Your experience leads to an increase in your attributes!
Increase (S)trength, (I)ntelligence, or (D)exterity?
You feel agile.
You feel stronger. The hobgoblin hits you.
* * * LOW HITPOINT WARNING * * *
Found a leather armour.
Items here: ( ) [ †.
You hit the hobgoblin.
The hobgoblin is almost dead.
The hobgoblin barely misses you.
You sock the hobgoblin!
You kill the hobgoblin!
Menkaure giggles, "These cerements are ticklish..."
You barely miss Menkaure. Menkaure hits you!!
You die...

#........#.......
........<............
..#......##..).......
. #...##......##....[
......#...........
....#......#####..
##...#....#.###.# #.
.#...#$#M#.#
#.#.##.#@#
...#.###.8$# ...##.
#.#.#.# .. #.#.#.#.#
..# # # #.. ##. ..# .
## #


You could see Menkaure.

Vanquished Creatures
  A centaur (D:4)
  A scorpion (D:4)
  A hound (D:3)
  A hound skeleton (D:4)
  5 adders
  2 worms
  A dart slug (D:2)
  5 orcs (D:3)
  An endoplasm (D:2)
  5 goblins
  3 hobgoblins
  7 kobolds
  5 quokkas
  3 ball pythons
  8 bats
  2 frilled lizards
  A rat (D:3)
52 creatures vanquished.

Notes
Turn   | Place    | Note
-------+----------+-------------------------------------------
     0 | D:1      | shoop the Ogre Gladiator began the quest for the Orb.
     0 | D:1      | Reached XP level 1. HP: 22/22 MP: 1/1
   458 | D:1      | Reached XP level 2. HP: 30/31 MP: 2/2
   775 | D:1      | Found a faded altar of an unknown god.
   926 | D:1      | Found Fucit's Weapon Boutique.
  1829 | D:2      | Reached XP level 3. HP: 37/37 MP: 3/3
  2010 | D:2      | Found Rukh's General Store.
  2187 | D:2      | You fall into a shaft and drop 1 floor!
  2354 | D:2      | Found a sacrificial altar of Ru.
  2486 | D:2      | Reached XP level 4. HP: 17/45 MP: 4/4
  2793 | D:2      | Bought a potion of berserk rage for 60 gold pieces
  2843 | D:3      | Found a stormy altar of Qazlal.
  3233 | D:3      | Found a snail-covered altar of Cheibriados.
  3344 | D:3      | Found a shadowy altar of Dithmenos.
  3347 | D:3      | Found a sacrificial altar of Ru.
  3352 | D:3      | Found a hazy altar of Hepliaklqana.
  3772 | D:3      | Reached XP level 5. HP: 42/54 MP: 5/5
  3889 | D:4      | Noticed a centaur
  3901 | D:4      | Reached skill level 1 in Evocations
  3905 | D:4      | Noticed Menkaure
  3907 | D:4      | Killed a centaur
  3908 | D:4      | Reached XP level 6. HP: 8/63 MP: 6/6
  3911 | D:4      | Mangled by Menkaure

Illustrated notes

Levels and vault maps discovered:
D:1:      dpeg_arrival_round_b, layout_basic, serial_shops, shop,
          chequers_ecumenical_altar_simple, minmay_misc_feat_tower, st_stairs_1
D:2:      layout_loops_cross, serial_shops, nicolae_shop_statue_plus,
          basic_altar
D:3:      layout_basic, slow_altar_1, grunt_temple_overflow_diamond,
          nicolae_qazlal_general_emergency, roderic_roman_lattice
D:4:      layout_cave_pools, lemuel_round_altar, temple_green, minmay_circle_x,
          uniq_menkaure, uniq_crazy_yiuf_cottage, uniq_pikel

Skill      XL: |  1  2  3  4  5 |
---------------+----------------+-----
Fighting       | 3 4 |  4.6
Maces & Flails | 3 4 |  4.6
Throwing       | 3 |  3.5
Evocations     | 1 |  1.0
Dodging        | |  2.6

Action                   |  1- 3 |  4- 6 || total
-------------------------+-------+-------++-------
Melee: Flail             |    92 |    84 ||   176
Throw: Throwing net      |       |     2 ||     2
       Dart              |       |     1 ||     1
  Use: Potion            |       |     1 ||     1
Armor: Robe              |    27 |    27 ||    54
Dodge: Dodged            |    56 |    54 ||   110

Table legend: (Time is in decaauts)
 A = Elapsed time spent in this place.
 B = Non-inter-level travel time spent in this place.
 C = Inter-level travel time spent in this place.
 D = Time resting spent in this place.
 E = Time spent auto-exploring this place.
 F = Levels seen in this place.
 G = Mean time per level.
                   A        B        C        D        E       F      G
               +--------+--------+--------+--------+--------+-----+--------+
         Total |   3948 |   3764 |    184 |    173 |   3130 |   4 |  987.0 |
       Dungeon |   3948 |   3764 |    184 |    173 |   3130 |   4 |  987.0 |
               +--------+--------+--------+--------+--------+-----+--------+

Top non-repeatable levels by time:
     D:1: 1557 daAuts
     D:2: 1256 daAuts
     D:3: 951 daAuts
     D:4: 183 daAuts
